 Dungeon Crawl Stone Soup version 0.25-a0-707-g603da07 (webtiles) character file.

Game seed: 11284809860622426560, levelgen mode: deterministic

14529 MrTaco21 the Basher (level 12, -43/78 HPs)
             Began as a Gargoyle Fighter on Apr 4, 2020.
             Was an Elder of Qazlal.
             Annihilated by a very large slime creature (49 damage)
             ... on level 12 of the Dungeon.
             The game lasted 00:26:12 (11313 turns).

MrTaco21 the Basher (Gargoyle Fighter)             Turns: 11313, Time: 00:26:13

Health: -43/78     AC: 28    Str: 30    XL:     12   Next: 17%
Magic:  12/12      EV:  6    Int: 10    God:    Qazlal [****..]
Gold:   634        SH: 18    Dex:  9    Spells: 11/11 levels left

rFire    . . .     SeeInvis +   U - +2 mace (vorpal)
rCold    . . .     Gourm    .   c - +0 kite shield
rNeg     + . .     Faith    .   n - +4 plate armour {MR+}
rPois    ∞         Spirit   .   l - +0 helmet
rElec    +         Reflect  .   I - +0 cloak
rCorr    .         Harm     .   u - +0 pair of gloves
MR       +....                  D - +0 pair of boots
Stlth    ..........             V - amulet of regeneration
HPRegen  0.63/turn              z - ring of see invisible
MPRegen  0.13/turn              f - +6 ring of strength

@: repel missiles
A: negative energy resistance 1, electricity resistance, unbreathing,
petrification resistance, rot immunity, AC +8
a: Upheaval, Elemental Force, Renounce Religion


You were on level 12 of the Dungeon.
You worshipped Qazlal.
Qazlal was greatly pleased with you.
You were not hungry.

You visited 2 branches of the dungeon, and saw 13 of its levels.

You collected 634 gold pieces.

Inventory:

Hand Weapons
 U - a +2 vorpal mace (weapon)
   (You took it off an orc on level 10 of the Dungeon)
Missiles
 H - 4 throwing nets {!f}
 L - 37 poisoned darts (quivered)
Armour
 c - a +0 kite shield (worn)
 l - a +0 helmet (worn)
   (You found it on level 2 of the Dungeon)
 n - a +4 plate armour of magic resistance (worn)
   (You found it on level 3 of the Dungeon)
 u - a +0 pair of gloves (worn)
   (You found it on level 4 of the Dungeon)
 D - a +0 pair of boots (worn)
   (You found it on level 6 of the Dungeon)
 I - a +0 cloak (worn)
   (You found it on level 5 of the Dungeon)
 N - the +2 chain mail "Byllek" {rElec Regen+ rCorr Str-3}
   (You found it on level 9 of the Dungeon)

   It affects your strength (-3).
   It insulates you from electricity.
   It increases your rate of regeneration.
   It provides partial protection from all sources of acid and corrosion.
Jewellery
 f - a +6 ring of strength (right hand)
   (You took it off a centaur on level 6 of the Dungeon)
 z - a ring of see invisible (left hand)
   (You found it on level 1 of the Dungeon)
 V - an amulet of regeneration (around neck)
   (You found it on level 12 of the Dungeon)
Wands
 d - a wand of iceblast (19)
   (You found it on level 3 of the Dungeon)
 j - a wand of enslavement (9)
   (You took it off a centaur on level 8 of the Dungeon)
 t - a wand of flame (32)
   (You found it on level 6 of the Dungeon)
 x - a wand of acid (9)
   (You took it off an orc on level 9 of the Dungeon)
 J - a wand of polymorph (23)
   (You found it on level 8 of the Dungeon)
 M - a wand of scattershot (8)
   (You found it on level 9 of the Dungeon)
Scrolls
 a - a scroll of immolation {!r}
 g - 5 scrolls of enchant weapon
 h - 2 scrolls of enchant armour {unknown}
 k - 3 scrolls of noise {!r}
 p - 9 scrolls of remove curse {@r2}
 y - a scroll of magic mapping {unknown}
 A - 6 scrolls of teleportation {unknown}
 B - a scroll of fear {unknown}
 F - 2 scrolls of amnesia {unknown}
 G - a scroll of random uselessness {unknown}
 P - a scroll of brand weapon {unknown}
 S - a scroll of summoning {unknown}
 T - a scroll of silence {unknown}
Potions
 b - 6 potions of curing {@q1}
 i - 4 potions of mutation {!q}
 m - a potion of magic {unknown}
 o - 6 potions of flight
 q - 3 potions of lignification {!q}
 r - 4 potions of might
 s - a potion of brilliance {unknown}
 v - 2 potions of stabbing {unknown}
 w - 8 potions of degeneration {!q}
 C - a potion of haste {unknown}
 E - 3 potions of berserk rage
 K - a potion of heal wounds {unknown}
Miscellaneous
 Q - a box of beasts
 R - a phial of floods
   (You found it on level 9 of the Dungeon)
Comestibles
 e - 25 rations {!d}


   Skills:
 + Level 10.5 Fighting
 - Level 14.0 Maces & Flails
 - Level 3.2 Armour
 + Level 10.6 Shields


You had 11 spell levels left.
You didn't know any spells.
Your spell library contained the following spells:

 Spells                   Type           Power        Failure   Level  Hunger
 Beastly Appendage        Tmut           #.....       100%        1    ##.....
 Shock                    Conj/Air       #...         100%        1    ##.....
 Summon Small Mammal      Summ           #...         100%        1    ##.....
 Call Imp                 Summ           #.......     100%        2    ###....
 Sticks to Snakes         Tmut           #.......     100%        2    ###....
 Swiftness                Chrm/Air       #.......     100%        2    ###....
 Call Canine Familiar     Summ           #.......     100%        3    ####...
 Spider Form              Tmut/Pois      #.........   100%        3    ####...
 Static Discharge         Conj/Air       #.......     100%        3    ####...
 Summon Guardian Golem    Hex/Summ       #.......     100%        3    ####...
 Airstrike                Air            #.........   100%        4    #####..
 Ice Form                 Ice/Tmut       #.......     100%        4    #####..
 Summon Ice Beast         Ice/Summ       #.......     100%        4    #####..
 Summon Lightning Spire   Summ/Air       #.......     100%        4    #####..
 Blade Hands              Tmut           #.........   100%        5    ######.
 Lightning Bolt           Conj/Air       #.........   100%        5    ######.


Dungeon Overview and Level Annotations

Branches:
Dungeon (12/15)            Temple (1/1) D:5            Lair (0/6) D:8
    Orc (0/2) D:9

Altars:
Ashenzari
Cheibriados
Dithmenos
Elyvilon
Fedhas
Gozag
Hepliaklqana
Kikubaaqudgha
Makhleb
Nemelex Xobeh
Okawaru
Qazlal
Ru
Sif Muna
Trog
Uskayaw
Vehumet
Wu Jian
Xom
Yredelemnul
Zin
The Shining One

Shops:
D:9 *   D:11 ?=(

Annotations:
D:6 1 runed translucent door, dragonknight44's ghost, novice OgFE
D:7 2 transporters, Anti's ghost, novice DsAK


Innate Abilities, Weirdness & Mutations

You are resistant to torment.
Your stone body is resilient. (AC +8)
You are immune to poison.
You resist negative energy. (rN+)
You are resistant to electric shocks. (rElec)
You can survive without breathing.
You are immune to petrification.
You are immune to rotting.


Message History

Your shield and plate armour prevent you from hitting the yak.
The yak barely misses you.
You hit the yak. You block the yak's attack. The yak barely misses you.
You barely miss the yak. You block the yak's attack. x2
The yak gores you but does no damage.
You sock the yak!
You kill the yak!
Qazlal accepts your kill. You block the yak's attack.
Two slime creatures merge to form an enormous slime creature.
You sock the yak! The yak closely misses you.
The slime creature is engulfed in blazing flames.
Two slime creatures merge to form a titanic slime creature.
You hit the yak but do no damage.
The titanic slime creature is engulfed in blazing flames.
The titanic slime creature barely misses you.
You block the yak's attack. x2
You hit the yak but do no damage.
The titanic slime creature is engulfed in blazing flames.
You block the titanic slime creature's attack.
You block the yak's attack.
The yak is engulfed in blazing flames.
The yak closely misses you.
You closely miss the yak.
The titanic slime creature is engulfed in blazing flames.
You block the titanic slime creature's attack.
The yak gores you.
You thump the yak!
The yak is struck by lightning.
You kill the yak!
Qazlal accepts your kill.
You hit the titanic slime creature.
A titanic slime creature splits.
The yak gores you.
You completely miss the large slime creature.
The very large slime creature hits you but does no damage.
You block the yak's attack.
You barely miss the large slime creature.
The large slime creature is struck by lightning.
You block the large slime creature's attack.
The very large slime creature hits you!!!
* * * LOW HITPOINT WARNING * * *
You block the yak's attack.
You hear a shout!
You hear a howl!
You are too injured to fight recklessly!
You are too injured to fight recklessly!
Unknown command.
The large slime creature is struck by lightning.
The large slime creature hits you!
* * * LOW HITPOINT WARNING * * *
The very large slime creature hits you!!!
Ouch! That really hurt!
You die...

...#.....YY#.....#
....#.....#†.....#
....###...#.#....#
...# #...####...#
.#. ##### #....#
..# ##.#.Y# ..
#.#.YY# . #.#SJJ#
##.#Y@# ##..○..#
#.....§# #......#
#.......#
).........#
..........#
.......#..#
......#...#


You could see a very large slime creature, a large slime creature, 3 yaks, an
ice beast and an adder.

Vanquished Creatures
  Harold (D:7)
  A two-headed ogre (D:9)
  Sonja (D:11)
  An ugly thing (D:11)
  A cyclops (D:11)
  Maurice (D:8)
  2 gargoyles (D:11)
  Maggie (D:9)
  The ghost of alcopop the Grave Robber, a novice OpNe of Sif Muna (D:5)
  A komodo dragon (D:11)
  3 trolls (D:11)
  A merfolk (D:10)
  A slime creature (D:12)
  A hippogriff (D:9)
  A shadow (D:11)
  Sigmund (D:6)
  A human (D:10)
  14 yaks
  Grum (D:11)
  4 vampire mosquitoes (D:12)
  2 hungry ghosts
  2 sky beasts
  3 orc warriors
  A swamp drake (D:9)
  An ice beast (D:11)
  4 phantoms
  A black bear (D:12)
  7 ogres
  2 necrophages
  5 centaurs
  2 wolves (D:11)
  A crocodile (D:10)
  2 big kobolds
  2 bullfrogs
  A water moccasin zombie (D:12)
  4 scorpions
  4 killer bees (D:9)
  4 howler monkeys
  4 centaur zombies
  A crimson imp (D:9)
  A quasit (D:7)
  2 bullfrog zombies
  6 hounds
  14 orc wizards
  2 bullfrog skeletons
  2 jellies
  Crazy Yiuf (D:7)
  10 orc priests
  3 centaur skeletons
  An iguana (D:9)
  4 worker ants
  A hound zombie (D:7)
  3 hound skeletons
  A worker ant zombie (D:4)
  A howler monkey zombie (D:5)
  8 adders
  3 shadow imps
  An ooze (D:3)
  4 worms
  3 dart slugs
  4 leopard geckos
  50 orcs
  6 giant cockroaches
  6 goblins
  7 hobgoblins
  8 jackals
  5 quokkas
  2 ball pythons
  4 bats (D:3)
  3 frilled lizards
  18 kobolds
  A leopard gecko skeleton (D:8)
  9 rats
286 creatures vanquished.

Notes
Turn   | Place    | Note
-------+----------+-------------------------------------------
     0 | D:1      | MrTaco21 the Gargoyle Fighter began the quest for the Orb.
     0 | D:1      | Reached XP level 1. HP: 14/14 MP: 1/1
   201 | D:1      | Reached XP level 2. HP: 19/19 MP: 2/2
   341 | D:1      | Reached skill level 3 in Maces & Flails
   633 | D:2      | Found a radiant altar of Vehumet.
   645 | D:2      | Reached XP level 3. HP: 20/23 MP: 3/3
   682 | D:2      | Reached skill level 4 in Maces & Flails
   703 | D:2      | You fall into a shaft and drop 1 floor!
   973 | D:2      | Reached XP level 4. HP: 28/28 MP: 4/4
  1403 | D:3      | Reached skill level 5 in Maces & Flails
  1409 | D:3      | Reached XP level 5. HP: 32/32 MP: 5/5
  1792 | D:4      | Reached skill level 6 in Maces & Flails
  1820 | D:4      | Reached XP level 6. HP: 29/37 MP: 6/6
  2627 | D:4      | Got a bloodstained kite shield
  2630 | D:4      | Identified the cursed -4 kite shield of Kleptomania {Int+7}
                  | (You found it on level 4 of the Dungeon)
  2698 | D:5      | Entered Level 5 of the Dungeon
  2698 | D:5      | Found a runed translucent door.
  2706 | D:5      | Reached skill level 7 in Maces & Flails
  2708 | D:5      | Noticed alcopop's ghost (novice OpNe)
  2722 | D:5      | Reached XP level 7. HP: 41/41 MP: 7/7
  2744 | D:5      | Killed alcopop's ghost
  2744 | D:5      | Reached skill level 8 in Maces & Flails
  2928 | D:5      | Found a runed translucent door.
  3081 | D:5      | Reached skill level 9 in Maces & Flails
  3081 | D:5      | Reached XP level 8. HP: 30/46 MP: 8/8
  3275 | D:5      | Found a shattered altar of Ashenzari.
  3302 | D:5      | HP: 2/46 [orc priest/divine providence (10)]
  3721 | D:5      | Found a staircase to the Ecumenical Temple.
  3738 | Temple   | Entered the Ecumenical Temple
  3874 | Temple   | Became a worshipper of Qazlal Stormbringer
  4024 | D:6      | Got a pitted hand axe
  4025 | D:6      | Identified the +7 hand axe of Invincibility {vorpal, Int+3}
                  | (You found it on level 6 of the Dungeon)
  4050 | D:6      | Noticed Sigmund
  4071 | D:6      | Killed Sigmund
  4071 | D:6      | Reached skill level 10 in Maces & Flails
  4193 | D:6      | Found a runed translucent door.
  4197 | D:6      | Noticed dragonknight44's ghost (novice OgFE)
  4757 | D:7      | Reached skill level 11 in Maces & Flails
  4795 | D:7      | Reached XP level 9. HP: 40/51 MP: 9/9
  4824 | D:7      | Noticed Harold
  4857 | D:7      | Killed Harold
  4857 | D:7      | Reached skill level 12 in Maces & Flails
  5143 | D:7      | Reached skill level 13 in Maces & Flails
  5160 | D:7      | Reached XP level 10. HP: 20/56 MP: 10/10
  5396 | D:7      | Reached * piety under Qazlal
  5862 | D:7      | Identified the +2 whip of Peace {antimagic, MP-9 Str+3
                  | Stlth+}
  5886 | D:7      | Noticed a cyclops
  5886 | D:7      | Noticed a moth of wrath
  5887 | D:7      | Identified the +7 dire flail of the Briny Deep {antimagic,
                  | Int+2}
  5887 | D:7      | Noticed a two-headed ogre
  5893 | D:7      | Noticed Anti's ghost (novice DsAK)
  5894 | D:7      | Found a bloodstained altar of Trog.
  5907 | D:7      | Found a transporter.
  5910 | D:7      | Found a transporter.
  5948 | D:7      | Found a runed translucent door.
  5949 | D:7      | Noticed Crazy Yiuf
  6467 | D:7      | Killed Crazy Yiuf
  6606 | D:8      | Noticed Maurice
  6657 | D:8      | Killed Maurice
  6657 | D:8      | Reached skill level 14 in Maces & Flails
  6971 | D:8      | Found a basalt altar of Yredelemnul.
  6977 | D:8      | Found a staircase to the Lair.
  7413 | D:9      | Found a blossoming altar of Fedhas.
  7471 | D:9      | Reached ** piety under Qazlal
  7551 | D:9      | Reached skill level 5 in Shields
  7635 | D:9      | Reached skill level 5 in Fighting
  7652 | D:9      | Found a burning altar of Makhleb.
  7691 | D:9      | Noticed a two-headed ogre
  7813 | D:9      | Killed a two-headed ogre
  7906 | D:9      | Noticed Maggie
  7932 | D:9      | Killed Maggie
  7932 | D:9      | Reached XP level 11. HP: 51/66 MP: 11/11
  8034 | D:9      | Got a jewelled chain mail
  8137 | D:9      | Found a staircase to the Orcish Mines.
  8247 | D:9      | Identified the +2 chain mail "Byllek" {rElec Regen+ rCorr
                  | Str-3} (You found it on level 9 of the Dungeon)
  8395 | D:9      | Found Xuihet's Assorted Antiques.
  8619 | D:10     | Entered Level 10 of the Dungeon
  8941 | D:10     | Reached *** piety under Qazlal
  9647 | D:11     | Found Utwoy's Jewellery Boutique.
  9807 | D:11     | Noticed a cyclops
  9818 | D:11     | Killed a cyclops
  9919 | D:11     | Found Guqat's Weapon Shoppe.
 10006 | D:11     | Found Mikips's Magic Scroll Emporium.
 10070 | D:11     | Noticed Grum
 10097 | D:11     | Killed Grum
 10159 | D:11     | Noticed Sonja
 10575 | D:11     | Killed Sonja
 10575 | D:11     | Reached skill level 10 in Shields
 10747 | D:11     | Noticed a red ugly thing
 10768 | D:11     | Killed a red ugly thing
 10768 | D:11     | Reached skill level 10 in Fighting
 10768 | D:11     | Reached XP level 12. HP: 77/77 MP: 12/12
 10870 | D:12     | Noticed a six-headed hydra
 11210 | D:12     | Reached **** piety under Qazlal
 11313 | D:12     | Annihilated by a very large slime creature

Levels and vault maps discovered:
D:1:      roderic_chinese_lattice_arrival, layout_loops_ring
D:2:      layout_rooms, fiery_altar_vehumet
D:3:      layout_rooms, minmay_checkerbox
D:4:      layout_cave_pools, grunt_ministairs_1
D:5:      layout_rooms, cheibrodos_ashenzari_chains, minmay_temple_entry_waves,
          first_ration, ebering_ghost_sewer_f, cheibrodos_sewer_entry_drain,
          minmay_statues_item
D:6:      layout_rooms, ebering_ghost_inner_flame, uniq_sigmund
D:7:      layout_basic, gammafunk_ghost_wrathful_warriors,
          uniq_crazy_yiuf_cottage, uniq_harold
D:8:      layout_gridville, nicolae_overflow_hidden_temple, lair_entry_dummy,
          uniq_maurice
D:9:      layout_cave_pools, bloody_makhleb, erik_orc_1, enter_bailey_8,
          serial_park, serial_park_tiny_1, serial_shops, shop, basic_altar,
          uniq_maggie
D:10:     layout_irregular_city, hangedman_stone_soup
D:11:     layout_roguey, serial_shops, shop, shop, shop, uniq_grum, uniq_sonja
D:12:     layout_big_octagon, serial_shops, shop
Temple:   regret_index_temple_mists

Skill      XL: |  1  2  3  4  5  6  7  8  9 10 11 |
---------------+----------------------------------+-----
Maces & Flails | 3 4 5 6 7 9 11 13 14 | 14.0
Shields        | 6 10 | 10.6
Fighting       | 6 10 | 10.5
Armour         | |  3.2

Action                   |  1- 3 |  4- 6 |  7- 9 | 10-12 || total
-------------------------+-------+-------+-------+-------++-------
Melee: Flail             |    86 |   322 |   325 |   474 ||  1207
       Mace              |       |       |       |   348 ||   348
Throw: Dart              |       |       |       |    20 ||    20
  Use: Scroll            |       |     3 |     1 |     8 ||    12
       Potion            |       |     1 |     1 |       ||     2
  Eat: Chunk             |       |     7 |     5 |    13 ||    25
       Ration            |       |       |     1 |     3 ||     4
Armor: Scale mail        |    41 |    35 |       |       ||    76
       Plate armour      |       |   347 |   224 |   333 ||   904
Dodge: Dodged            |    28 |    70 |    43 |    98 ||   239
Block: Kite shield       |    42 |   248 |   152 |   510 ||   952

Table legend:
 A = Non-vault XP
 B = Vault XP
 C = Vault XP percentage of total XP
 D = Non-vault monster count
 E = Vault monster count
 F = Vault count percentage of total count
                 A         B        C        D         E       F
            +---------+---------+-------+---------+---------+-------
      Total |   15859 |    4897 |  23.6 |     241 |      45 |  15.7
            +---------+---------+-------+---------+---------+-------
        D:1 |      21 |       0 |   0.0 |      13 |       0 |   0.0
        D:2 |      59 |       0 |   0.0 |      13 |       0 |   0.0
        D:3 |     200 |      13 |   6.1 |      37 |       4 |   9.8
        D:4 |     174 |      45 |  20.5 |      12 |       2 |  14.3
        D:5 |     591 |     509 |  46.3 |      21 |       9 |  30.0
        D:6 |     383 |     205 |  34.9 |       3 |       1 |  25.0
        D:7 |    2377 |    1069 |  31.0 |      41 |       2 |   4.7
        D:8 |     491 |     227 |  31.6 |       8 |       1 |  11.1
        D:9 |    2731 |     973 |  26.3 |      29 |      18 |  38.3
       D:10 |     825 |     632 |  43.4 |      20 |       4 |  16.7
       D:11 |    5983 |    1224 |  17.0 |      32 |       4 |  11.1
       D:12 |    2024 |       0 |   0.0 |      12 |       0 |   0.0
            +---------+---------+-------+---------+---------+-------
